 Dungeon Crawl Stone Soup version 0.25.0-11-g1f837a76a1 (console) character file.

Game seed: 12184536522086494890

124 bli the Insei (level 4, 0/35 HPs)
             Began as a Draconian Transmuter on June 27, 2020.
             Was an Initiate of Wu Jian.
             Slain by Grinder (2 damage)
             ... on level 3 of the Dungeon.
             The game lasted 00:05:29 (2535 turns).

bli the Insei (Draconian Transmuter)                Turns: 2535, Time: 00:05:30

Health: 0/35       AC:  5    Str: 12    XL:     4   Next: 81%
Magic:  1/7        EV: 12    Int: 14    God:    Wu Jian [......]
Gold:   87         SH:  0    Dex: 12    Spells: 4/7 levels left

rFire    . . .     SeeInvis .     - Unarmed
rCold    + . .     Gourm    .   (no shield)
rNeg     . . .     Faith    .   (armour unavailable)
rPois    .         Spirit   .   (helmet restricted)
rElec    .         Reflect  .   (no cloak)
rCorr    .         Harm     .   (no gloves)
MR       .....                  (boots currently unavailable)
Stlth    +.........             (no amulet)
HPRegen  0.11/turn              i - ring of protection from cold
MPRegen  0.10/turn              (no ring)

@: appendage (expiring), very slightly contaminated
A: unfitting armour, talons 3, cold-blooded, AC +5
a: End Transformation, Renounce Religion


You were on level 3 of the Dungeon.
You worshipped Wu Jian.
Wu Jian was noncommittal.
You were very hungry.
You had grown temporary talons.
You visited 1 branch of the dungeon, and saw 3 of its levels.

You collected 87 gold pieces.

Inventory:

Hand Weapons
 l - a +0 trident of venom
Missiles
 a - 7 arrows
 b - 101 stones (quivered)
Armour
 d - a +0 buckler
Jewellery
 i - a ring of protection from cold (left hand)
Scrolls
 e - 3 scrolls of identify {unknown}
 f - a scroll of teleportation {unknown}
 g - 2 scrolls of remove curse {unknown}
 h - a scroll of random uselessness {unknown}
 k - a scroll of fog {unknown}
 m - a scroll of enchant armour {unknown}
Potions
 j - a potion of flight {unknown}
Comestibles
 c - 3 rations


   Skills:
 + Level 1.2 Fighting
 + Level 2.5 Dodging
 * Level 4.9 Unarmed Combat
 + Level 2.3 Spellcasting
 - Level 2.0 Transmutations


You had 4 spell levels left.
You knew the following spells:

 Your Spells              Type           Power        Failure   Level  Hunger
a - Beastly Appendage     Tmut           #.....       10%         1    #......
b - Sticks to Snakes      Tmut           #.......     16%         2    ###....

Your spell library contained the following spells:

 Spells                   Type           Power        Failure   Level  Hunger
 Spider Form              Tmut/Pois      #.........   41%         3    ###....
 Ice Form                 Ice/Tmut       #.......     83%         4    #####..
 Blade Hands              Tmut           #.........   95%         5    ######.


Dungeon Overview and Level Annotations

Branches:
Dungeon (3/15)

Altars:
Dithmenos
Okawaru
Wu Jian

Annotations:
D:3 Grinder


Innate Abilities, Weirdness & Mutations

Your plain brown scales are hard. (AC +5)
You cannot fit into any form of body armour.
You are cold-blooded and may be slowed by cold attacks.
You have claws for feet.


Message History

* * * LOW HITPOINT WARNING * * *
Your ball python bites Grinder but does no damage.
Your ball python constricts Grinder.
You hit Grinder but do no damage.
Grinder is heavily wounded.
Grinder grins, showing sharp teeth.
Grinder hits you.
* * * LOW HITPOINT WARNING * * *
Your ball python barely misses Grinder.
Your ball python constricts Grinder.
Unknown command.
You hit Grinder. You claw Grinder.
Grinder is severely wounded.
Grinder closely misses you.
Your ball python bites Grinder but does no damage.
Your ball python constricts Grinder.
You hit Grinder. You tail-slap Grinder.
Grinder is almost dead.
Your ball python bites Grinder but does no damage.
Your ball python constricts Grinder.
Grinder hits you.
You die...

.....+.
....#.##
?......
...#.####.
#..#......
#.......##
###.S.......
#<).@5...#
###......#
#......#
#......#
#......#
#......#
#......#
#.......


You could see Grinder and a friendly ball python.

Vanquished Creatures
  A worker ant (D:2)
  6 adders (D:2)
  4 dart slugs (D:1)
  A leopard gecko (D:1)
  A ball python (D:1)
  A giant cockroach (D:1)
  3 goblins
  4 hobgoblins
  4 jackals
  4 kobolds
  A quokka (D:2)
  3 bats
  5 frilled lizards
  4 rats
42 creatures vanquished.

Notes
Turn   | Place    | Note
-------+----------+-------------------------------------------
     0 | D:1      | bli the Draconian Transmuter began the quest for the Orb.
     0 | D:1      | Reached XP level 1. HP: 16/16 MP: 3/3
   176 | D:1      | Reached XP level 2. HP: 18/23 MP: 1/5
   411 | D:1      | Reached skill level 4 in Unarmed Combat
   648 | D:2      | Reached XP level 3. HP: 11/28 MP: 3/6
   667 | D:2      | Learned a level 2 spell: Sticks to Snakes
  1152 | D:2      | Reached XP level 4. HP: 12/35 MP: 5/7
  1529 | D:2      | Found an ornate altar of the Wu Jian Council.
  1537 | D:2      | Became a worshipper of the Wu Jian Council
  1828 | D:2      | Found a shadowy altar of Dithmenos.
  1828 | D:2      | Found an iron altar of Okawaru.
  2187 | D:2      | Found a faded altar of an unknown god.
  2521 | D:3      | Noticed Grinder
  2535 | D:3      | Slain by Grinder

Illustrated notes

Levels and vault maps discovered:
D:1:      dpeg_arrival_rhombi, layout_rooms
D:2:      layout_loops_corners, old_standard_altar,
          chequers_temple_overflow_statue_of_worship,
          chequers_ecumenical_altar_simple, minmay_splitting_lines,
          minmay_fountain_box, serial_bayou_pond_e, roderic_roman_lattice
D:3:      corexii_shack_village, layout_basic, overflow_temple_1_default,
          lemuel_crystal_altar, nicolae_overflow_hidden_temple, first_ration,
          uniq_grinder

Skill      XL: |  1  2 |
---------------+-------+-----
Unarmed Combat | 4 |  4.9
Dodging        | 2 |  2.5
Fighting       | |  1.2
Spellcasting   | |  2.3
Transmutations | |  2.0

Action                   |  1- 3 |  4- 6 || total
-------------------------+-------+-------++-------
Melee: Unarmed           |    92 |    68 ||   160
       Headbutt          |     4 |     1 ||     5
       Tailslap          |    10 |     9 ||    19
       Kick              |     8 |     6 ||    14
       Punch             |       |     1 ||     1
 Cast: Beastly Appendage |    18 |    11 ||    29
       Sticks to Snakes  |       |     5 ||     5
Invok: Lunge             |       |     8 ||     8
 Stab: Sleeping          |     1 |     2 ||     3
  Eat: Chunk             |       |     5 ||     5
Armor: Skin              |    31 |    21 ||    52
Dodge: Dodged            |    73 |    34 ||   107
